 Dungeon Crawl Stone Soup version 0.29-a0-925-g0a7a3d12f8 (webtiles) character file.

Game seed: 7890949793084582671

119 hquester1 the Trooper (level 4, -11/41 HPs)
             Began as a Minotaur Fighter on July 28, 2022.
             Killed by divine providence
             ... invoked by an orc priest
              (14 damage)
             ... on level 3 of the Dungeon.
             The game lasted 00:06:04 (2636 turns).

hquester1 the Trooper (Minotaur Fighter)            Turns: 2636, Time: 00:06:05

Health: -11/41     AC:  9    Str: 23    XL:     4   Next: 74%
Magic:  3/3        EV: 10    Int:  5    God:
Gold:   96         SH:  4    Dex:  9    Spells: 3/3 levels left

rFire   . . .      SeeInvis .   a - +0 war axe
rCold   . . .      Faith    .   c - +0 buckler
rNeg    . . .      Spirit   .   b - +0 scale mail
rPois   .          Reflect  .   (helmet restricted)
rElec   .          Harm     .   (no cloak)
rCorr   .          Rampage  .   (no gloves)
Will    .....                   s - +1 pair of boots
Stlth   ..........              (no amulet)
HPRegen 0.13/turn               (no ring)
MPRegen 0.08/turn               (no ring)

@: no status effects
A: horns 2, retaliatory headbutt
a: no special abilities


You were on level 3 of the Dungeon.
You visited 1 branch of the dungeon, and saw 3 of its levels.

You collected 118 gold pieces.
You spent 22 gold pieces at shops.

Inventory:

Hand Weapons
 a - a +0 war axe (weapon)
 l - the +5 dagger "Fiofai" {holy, MP+9 Int+3 Dex+2}
   (You found it on level 2 of the Dungeon)

   It has been blessed by the Shining One to cause great damage to the undead
   and demons.
   Int:       It affects your intelligence (+3).
   Dex:       It affects your dexterity (+2).
   MP:        It affects your magic capacity (+9).
Armour
 b - a +0 scale mail (worn)
 c - a +0 buckler (worn)
 s - a +1 pair of boots (worn)
Wands
 p - a wand of acid (13)
Scrolls
 f - 4 scrolls of teleportation {unknown}
 h - 2 scrolls of noise {unknown}
 i - a scroll of immolation {unknown}
 k - a scroll of torment {unknown}
Potions
 d - 3 potions of might
 e - 2 potions of flight
 g - 2 potions of attraction
 j - a potion of brilliance {unknown}
 m - 2 potions of heal wounds {unknown}
 n - a potion of invisibility {unknown}
 o - a potion of resistance {unknown}
 q - a potion of curing {unknown}
 t - a potion of haste {unknown}


   Skills:
 + Level 4.4 Fighting
 + Level 3.4 Axes
 + Level 4.4 Armour
 + Level 1.9 Dodging
 + Level 4.4 Shields


You had 3 spell levels left.
You didn't know any spells.
Your spell library contained the following spells:

 Spells                   Type           Power      Damage    Failure   Level
 Foxfire                  Conj/Fire      0%         2x1d4     86%         1
 Shock                    Conj/Air       0%         1d3       86%         1
 Conjure Flame            Conj/Fire      0%         6-21      99%         3
 Inner Flame              Hex/Fire       0%         N/A       99%         3
 Swiftness                Air            0%         N/A       99%         3
 Airstrike                Air            0%         0-1+      100%        4
 Flame Wave               Conj/Fire      0%         2d4       100%        4


Dungeon Overview and Level Annotations

Branches:
Dungeon (3/15)

Altars:

Shops:
D:3 ?


Innate Abilities, Weirdness & Mutations

You have a pair of horns on your head.
You reflexively headbutt those who attack you in melee.


Message History

You barely miss the orc. You headbutt the orc!
You kill the orc!
You hit the orc priest but do no damage.
The orc priest invokes the aid of Beogh against you.
Pain shoots through your body!
Unknown command.
You completely miss the orc priest.
You hit the orc priest but do no damage.
The orc priest closely misses you.
The orc priest hits you but does no damage.
You closely miss the orc priest.
You hit the orc priest but do no damage.
The orc priest hits you but does no damage.
You block the orc priest's attack.
The orc priest hits you but does no damage.
The orc priest calls down the wrath of Beogh upon you.
Pain shoots through your body!
You barely miss the orc priest.
You hit the orc priest but do no damage.
The orc priest invokes the aid of Beogh against you.
Beogh smites you!
* * * LOW HITPOINT WARNING * * *
The orc priest hits you but does no damage.
Unknown command.
You hit the orc priest but do no damage.
You closely miss the orc priest. The orc priest closely misses you.
You furiously retaliate!
You headbutt the orc priest!
The orc priest looks braver for a moment.
The orc priest closely misses you. You furiously retaliate!
You headbutt the orc priest.
The orc priest hits you but does no damage.
You barely miss the orc priest. Your headbutt misses the orc priest.
The orc priest is almost dead.
You hit the orc priest but do no damage.
The orc priest misses you. You furiously retaliate!
You headbutt the orc priest.
You kill the orc priest!
The orc priest invokes the aid of Beogh against you.
Beogh smites you!
You die...

#.#....### # #.###.#
.........#.. .. .# ##.##.#.
.....<..... #. #.## #....###
.......<.# #.#...## ###...#.#.
###...#### ......###.........
# #.†.##.. ............).....
# #...##.# #.>.#####........#
###..###.# #o)# ###.......
.##......# #@)# #....#.#
#..†)###.##### #..# ##.#....
.###.#.......###..# #.....#
.....#.#.........># ###...#
####..............##
#######...#
#.#...........................
#.#...........##### ######<...
#.#...........# #..##
#.#..#..)....## #....


You could see an orc priest.

Vanquished Creatures
  An orc priest (D:3)
  An iguana (D:3)
  An orc wizard (D:3)
  An adder (D:2)
  A worm (D:2)
  5 orcs (D:3)
  6 ball pythons
  4 endoplasms
  2 giant cockroaches
  4 goblins
  3 hobgoblins
  2 jackals (D:1)
  6 bats
  6 frilled lizards
  5 kobolds
  4 rats
52 creatures vanquished.

Vanquished Creatures (others)
  8 toadstools (D:3)
8 creatures vanquished.

Grand Total: 60 creatures vanquished

Notes
Turn   | Place    | Note
-------+----------+-------------------------------------------
     0 | D:1      | hquester1 the Minotaur Fighter began the quest for the Orb.
     0 | D:1      | Reached XP level 1. HP: 19/19 MP: 0/0
    47 | D:1      | Found Curre's Antique Weapon Shop.
   114 | D:1      | Reached XP level 2. HP: 27/27 MP: 1/1
   501 | D:1      | Found a faded altar of an unknown god.
   739 | D:1      | Reached skill level 1 in Dodging
  1366 | D:2      | Reached XP level 3. HP: 32/33 MP: 2/2
  1859 | D:2      | Identified the +5 dagger "Fiofai" {holy, MP+9 Int+3 Dex+2}
  2193 | D:3      | Reached XP level 4. HP: 40/40 MP: 3/3
  2322 | D:3      | Found Kiuv's Magic Scroll Shoppe.
  2342 | D:3      | Bought a scroll of identify for 22 gold pieces
  2636 | D:3      | Killed from afar by an orc priest

Illustrated notes

Levels and vault maps discovered:
D:1:      elethiomel_arrival_maze, layout_basic,
          nicolae_ecumenical_snake_handling, serial_shops, shop_statue,
          dk_noncrumbling_3
D:2:      layout_basic
D:3:      cheibrodos_fertilizer, layout_loops_ring, serial_shops,
          nicolae_shop_waterfront, uniq_sigmund

Skill      XL: |  1  2  3 |
---------------+----------+-----
Dodging        | 1 |  1.9
Fighting       | 4 |  4.4
Shields        | 4 |  4.4
Armour         | 4 |  4.4
Axes           | 3 |  3.4

Action                   |  1- 3 |  4- 6 || total
-------------------------+-------+-------++-------
Melee: War axe           |    79 |    36 ||   115
       Headbutt          |    11 |     4 ||    15
  Use: Scroll            |       |     2 ||     2
Armor: Scale mail        |    47 |    17 ||    64
Dodge: Dodged            |    32 |    20 ||    52
Block: Buckler           |    11 |     8 ||    19

Table legend: (Time is in decaauts)
 A = Elapsed time spent in this place.
 B = Non-inter-level travel time spent in this place.
 C = Inter-level travel time spent in this place.
 D = Time resting spent in this place.
 E = Time spent auto-exploring this place.
 F = Levels seen in this place.
 G = Mean time per level.
                   A        B        C        D        E       F      G
               +--------+--------+--------+--------+--------+-----+--------+
         Total |   2680 |   2571 |    109 |      0 |   2112 |   3 |  893.3 |
       Dungeon |   2680 |   2571 |    109 |      0 |   2112 |   3 |  893.3 |
               +--------+--------+--------+--------+--------+-----+--------+

Top non-repeatable levels by time:
     D:1: 1123 daAuts
     D:2: 1020 daAuts
     D:3: 536 daAuts
